 Dungeon Crawl Stone Soup version 0.25-a0-1130-g3926558f3a (webtiles) character file.

Game seed: 11737935370761767446, levelgen mode: deterministic

602 sanka the Frost Mage (level 7, -4/46 HPs)
             Began as a Barachi Ice Elementalist on May 19, 2020.
             Killed from afar by an orc wizard (8 damage)
             ... with a magic dart
             ... on level 4 of the Dungeon.
             The game lasted 00:07:19 (3975 turns).

sanka the Frost Mage (Barachi Ice Elementalist)     Turns: 3975, Time: 00:07:19

Health: -4/46      AC:  2    Str: 10    XL:     7   Next: 41%
Magic:  19/22      EV: 12    Int: 17    God:
Gold:   227        SH:  0    Dex: 12    Spells: 3/14 levels left

rFire    . . .     SeeInvis +   t - +0 halberd
rCold    . . .     Gourm    .   (shield currently unavailable)
rNeg     . . .     Faith    .   a - +0 robe
rPois    .         Spirit   .   (no helmet)
rElec    .         Reflect  .   (no cloak)
rCorr    .         Harm     .   (no gloves)
MR       .....                  (no boots)
Stlth    ++........             (no amulet)
HPRegen  0.15/turn              g - ring of magical power
MPRegen  0.18/turn              q - ring of see invisible

@: can't hop, frozen ramparts, slow
A: +LOS, swims, slowness 1, strong legs 1
a: Hop


You were on level 4 of the Dungeon.
You were hungry.

You visited 1 branch of the dungeon, and saw 4 of its levels.

You collected 227 gold pieces.


Innate Abilities, Weirdness & Mutations

You can be seen from farther away. (+LOS)
You can swim through water.
You cover ground slowly.
You can hop short distances.


   Skills:
 - Level 2.1 Dodging
 - Level 1.7 Stealth
 - Level 4.0 Spellcasting
 - Level 4.0 Summonings
 + Level 8.7 Ice Magic


You had 3 spell levels left.
You knew the following spells:

 Your Spells              Type           Power        Failure   Level  Hunger
a - Ozocubu's Armour      Chrm/Ice       ###.....     8%          3    ###....
x - Summon Ice Beast      Ice/Summ       ####....     12%         4    ####...
y - Frozen Ramparts       Ice            ####..       1%          3    ###....
z - Freeze                Ice            ####         1%          1    None

Your spell library contained the following spells:

 Spells                   Type           Power        Failure   Level  Hunger
 Hailstorm                Conj/Ice       ###.....     26%         4    ####...

Inventory:

Hand Weapons
 e - a +0 short sword
 h - a +0 hunting sling
 m - a +0 flail
 t - a +0 halberd (weapon)
Missiles
 k - 70 stones (quivered)
 n - a throwing net {=f}
Armour
 a - a +0 robe (worn)
Jewellery
 g - a ring of magical power (left hand)
 q - a ring of see invisible (right hand)
Scrolls
 f - 2 scrolls of fog {unknown}
 i - 4 scrolls of remove curse {unknown}
 j - 2 scrolls of immolation {unknown}
 o - a scroll of random uselessness {unknown}
 p - a scroll of magic mapping {unknown}
 u - a scroll of blinking {unknown}
Potions
 b - a potion of stabbing {unknown}
 d - a potion of flight {unknown}
 r - a potion of haste {unknown}
 s - a potion of ambrosia {unknown}
Comestibles
 c - 7 rations

Dungeon Overview and Level Annotations

Branches:
Dungeon (4/15)
 Temple: D:4-7

Altars:
Fedhas
Ru
Sif Muna
Yredelemnul
Zin

Shops:
D:4

[ .......▒▒▒ ▒
▒.......▒▒▒ .▒.....?....▒
▒.▒▒▒▒▒▒.▒.
...........>....▒▒.......
......o..▒..▒▒▒▒▒▒.....▒.
.........................
.............▒▒▒▒▒......▒
▒.....^.▒▒.▒▒▒▒▒▒....▒.▒
▒▒.......▒▒.▒▒..........▒
........F.▒.▒▒.▒▒▒.▒.▒..▒
▒▒.........∩...▒ ▒.▒.▒...
▒.▒▒....▒▒.▒..▒ ▒.▒.▒...
▒▒▒.▒▒..▒▒.▒ ▒.).▒.▒▒ ▒
▒.▒▒..▒▒.▒▒▒.▒▒▒.▒. ▒.▒
▒☼▒▒.........▒ . ..
▒.▒▒.▒▒▒.▒▒▒.▒ ▒.▒▒<▒▒.▒
▒...... ▒ ▒ ▒..o)...▒
▒▒▒▒▒


You could see an orc priest and an orc wizard.


Message History

There is a stone staircase leading up, spattered with blood here.
Unknown command.
The walls around you are covered in ice.
The wall freezes the iguana.
The iguana seems to slow down.
The iguana barely misses you.
The wall freezes the orc priest.
The orc priest hits you with a +0 whip.
The wall freezes the orc priest!
The orc priest calls down the wrath of Beogh upon you.
Beogh smites you!
* * * LOW HITPOINT WARNING * * *
The wall freezes the iguana.
The iguana seems to slow down.
The wall freezes the orc priest.
The orc priest invokes the aid of Beogh against you.
Beogh smites you!
* * * LOW HITPOINT WARNING * * *
The wall freezes the iguana!
You kill the iguana!
Okay, then.
Use which ability? (? or * to list) Hop to where?
Boing!
An orc wizard comes into view. It is wielding a +0 dagger.
The orc wizard shouts!
You hear an angry hiss.
The orc wizard points at you and mumbles some strange words.
The magic dart hits you!
You die...

Action                   |  1- 3 |  4- 6 |  7- 9 || total
-------------------------+-------+-------+-------++-------
Melee: Dagger            |    18 |       |       ||    18
       Short sword       |     6 |     5 |       ||    11
       Flail             |       |     1 |       ||     1
       Halberd           |       |       |     1 ||     1
 Cast: Freeze            |    52 |    52 |     7 ||   111
       Frozen Ramparts   |     1 |     8 |     5 ||    14
 Abil: Hop               |       |       |     1 ||     1
 Stab: Sleeping          |     1 |       |       ||     1
  Eat: Chunk             |     4 |     6 |     1 ||    11
Armor: Robe              |     9 |    13 |       ||    22
Dodge: Dodged            |    42 |    38 |     5 ||    85

Levels and vault maps discovered:
D:1:      nagdon_arrival_zigzag_paths, layout_basic
D:2:      layout_basic, minitemple, kennysheep_generic_room_8, uniq_terence
D:3:      layout_rooms, marbit_many_paths, chequers_ecumenical_altar_grove,
          uniq_jessica
D:4:      layout_loops_ring, serial_shops, nicolae_shop_crystal,
          minmay_misc_feat_plants, skrybe_limestone_x

Notes
Turn   | Place    | Note
-------+----------+-------------------------------------------
     0 | D:1      | sanka the Barachi Ice Elementalist began the quest for the
                  | Orb.
     0 | D:1      | Reached XP level 1. HP: 13/13 MP: 3/3
   188 | D:1      | Reached skill level 5 in Ice Magic
   201 | D:1      | Reached XP level 2. HP: 4/19 MP: 0/5
  1275 | D:1      | Reached XP level 3. HP: 24/24 MP: 5/7
  1277 | D:1      | Reached skill level 3 in Spellcasting
  1286 | D:1      | Learned a level 3 spell: Frozen Ramparts
  1290 | D:1      | Learned a level 3 spell: Ozocubu's Armour
  2016 | D:2      | Found a sacrificial altar of Ru.
  2017 | D:2      | Found a glowing silver altar of Zin.
  2023 | D:2      | Found a shimmering blue altar of Sif Muna.
  2025 | D:2      | Found a basalt altar of Yredelemnul.
  2156 | D:2      | Noticed Terence
  2162 | D:2      | Killed Terence
  2162 | D:2      | Reached XP level 4. HP: 30/30 MP: 9/9
  2373 | D:2      | Reached skill level 6 in Ice Magic
  2710 | D:3      | Reached XP level 5. HP: 35/35 MP: 10/10
  2711 | D:3      | Reached skill level 4 in Spellcasting
  2721 | D:3      | Learned a level 4 spell: Summon Ice Beast
  2822 | D:3      | Noticed Jessica
  2826 | D:3      | Killed Jessica
  2826 | D:3      | Reached skill level 1 in Summonings
  2881 | D:3      | Reached skill level 2 in Summonings
  2881 | D:3      | Reached XP level 6. HP: 41/41 MP: 12/12
  2921 | D:3      | Reached skill level 7 in Ice Magic
  3240 | D:3      | Found a faded altar of an unknown god.
  3338 | D:3      | Found a blossoming altar of Fedhas.
  3434 | D:4      | Reached skill level 3 in Summonings
  3559 | D:4      | Reached XP level 7. HP: 46/46 MP: 13/13
  3586 | D:4      | Reached skill level 4 in Summonings
  3594 | D:4      | Reached skill level 8 in Ice Magic
  3731 | D:4      | Found Liom's Antique Armour Shop.
  3974 | D:4      | HP: 4/46 [orc priest/divine providence (10)]
  3975 | D:4      | Killed from afar by an orc wizard

Vanquished Creatures
  2 ogres (D:4)
  An orc priest (D:4)
  A hound (D:3)
  Jessica (D:3)
  2 iguanas
  Terence (D:2)
  3 worker ants
  5 adders
  7 gnolls
  A dart slug (D:1)
  A worm (D:3)
  A leopard gecko (D:1)
  4 orcs
  6 bats
  7 giant cockroaches
  9 goblins
  10 hobgoblins
  7 jackals
  2 quokkas
  8 frilled lizards
  10 kobolds
  4 rats
93 creatures vanquished.
